 Dungeon Crawl Stone Soup version 0.31-a0-1-g4198be8af4 (webtiles) character file.

Game seed: 4413719130835169530

59 cheesebisquit the Trooper (level 3, -2/33 HPs)
             Began as a Draconian Fire Elementalist on May 1, 2023.
             Killed by divine providence
             ... invoked by an orc priest
              (11 damage)
             ... on level 2 of the Dungeon.
             The game lasted 00:04:47 (1429 turns).

cheesebisquit the Trooper (DrFE)                    Turns: 1429, Time: 00:04:47

Health: -2/33      AC:  6    Str: 10    XL:     3   Next: 78%
Magic:  4/6        EV: 11    Int: 17    God:
Gold:   64         SH:  0    Dex:  6    Spells: 5/6 levels left

rFire   + + +        k - +5 sling of Earthquakes {flame, rF+++ rC- Dex-5 SInv}
rCold   x . .        (no shield)
rNeg    . . .        (body armour unavailable)
rPois   .            (helmet restricted)
rElec   .            (no cloak)
rCorr   .            g - +0 pair of gloves
SInv    +            (no boots)
Will    .....        (no amulet)
Stlth   +            (no ring)
HPRegen 0.25/turn    (no ring)
MPRegen 0.10/turn

%: no passive effects
@: no status effects
A: AC +5, unfitting armour, cold-blooded
a: no special abilities


You were on level 2 of the Dungeon.
You visited 1 branch of the dungeon, and saw 2 of its levels.

You collected 64 gold pieces.

Inventory:

Hand Weapons
 i - a +0 flail
 k - the +5 sling of Earthquakes (weapon) {flame, rF+++ rC- Dex-5 SInv}
   (You found it on level 2 of the Dungeon)

   Dex:       It affects your dexterity (-5).
   rF:        It renders you almost immune to fire.
   rC:        It makes you vulnerable to cold.
   SInv:      It lets you see invisible.
Armour
 g - a +0 pair of gloves (worn)
Wands
 l - a wand of charming (12)
Scrolls
 c - a scroll of poison {unknown}
 e - 2 scrolls of identify {unknown}
 f - a scroll of blinking {unknown}
 m - a scroll of teleportation {unknown}
 n - a scroll of noise {unknown}
Potions
 a - a potion of magic
 b - a potion of attraction {unknown}
 d - a potion of ambrosia {unknown}
 h - a potion of heal wounds {unknown}
 j - a potion of brilliance {unknown}


   Skills:
 + Level 3.9 Fighting
 - Level 1.7 Dodging
 - Level 1.7 Stealth
 - Level 2.0 Spellcasting
 - Level 1.0 Conjurations
 - Level 3.0 Fire Magic


You had 5 spell levels left.
You knew the following spells:

 Your Spells              Type           Power      Damage    Failure   Level
a - Foxfire               Conj/Fire      32%        2x1d5     9%          1

Your spell library contained the following spells:

 Spells                   Type           Power      Damage    Failure   Level
 Scorch                   Fire           22%        2d5       9%          2
 Inner Flame              Hex/Fire       6%         N/A       30%         3
 Volatile Blastmotes      Fire/Tloc      12%        2d11      30%         3
 Flame Wave               Conj/Fire      8%         2d5       63%         4
 Summon Forest            Summ/Tloc      0%         N/A       99%         5
 Eringya's Noxious Bog    Tmut/Pois      0%         N/A       100%        6
 Summon Hydra             Summ           0%         N/A       100%        7


Dungeon Overview and Level Annotations

Branches:
Dungeon (2/15)

Altars:

Shops:
D:1 (


Innate Abilities, Weirdness & Mutations

Your plain brown scales are hard. (AC +5)
You cannot fit into any form of body armour.
You are cold-blooded and may be slowed by cold attacks.


Message History

The foxfire hits the frilled lizard.
You kill the frilled lizard!
Your foxfire dissipates!
Your magical contamination has completely faded away.
You see here a frilled lizard corpse.
You open the door.
There is an open door here.
There is an open door here.
Found a stone staircase leading down.
There is an open door here.
A rat comes into view. 2 orcs come into view.
An orc is wielding a +1 flail of draining.
An orc priest comes into view. It is wielding a +0 club.
The orc shouts!
The orc priest shouts!
You hear a shout! x2
An orc priest comes into view. It is wielding a +0 whip.
You conjure some foxfire!
The orc priest calls down the wrath of Beogh upon you.
Beogh smites you! The rat barely misses you.
You shoot a sling bullet.
The sling bullet closely misses the rat.
The foxfire hits the rat.
You kill the rat!
The foxfire hits the orc.
The orc is severely wounded.
You conjure some foxfire!
The orc closely misses you.
You shoot a sling bullet. The sling bullet barely misses the orc.
The sling bullet closely misses the orc priest.
The foxfire hits the orc.
You kill the orc!
The foxfire hits the orc.
The orc is lightly wounded.
The orc hits you with a +0 hand axe.
The orc priest invokes the aid of Beogh against you.
Beogh smites you!
* * * LOW HITPOINT WARNING * * *
The orc hits you but does no damage.
The orc priest invokes the aid of Beogh against you.
Beogh smites you!
You die...

#......##.#...#.........
#......'......#.########
#......##..........# #
#...........#.#.##.#####
.........#.....#.# ##...
.........#>#.....# #...
...###.#.#.#.#...# #...
... #.#.#.#.###.. #...
.. #.#@..#.#########...
#..o)ยง##.............
#.....######.<.......
#...oo######.........
#............######..
................# #..
.................###..
..#...#.#...#......##..
..#.#...........


You could see 2 orc priests and an orc.

Vanquished Creatures
  2 gnolls
  A worm (D:2)
  A dart slug (D:1)
  An orc (D:2)
  2 ball pythons
  5 endoplasms
  2 giant cockroaches
  3 goblins
  3 hobgoblins
  4 kobolds
  3 bats
  4 frilled lizards
  6 rats
37 creatures vanquished.

Vanquished Creatures (others)
  92 foxfires
92 creatures vanquished.

Grand Total: 129 creatures vanquished

Notes
Turn   | Place    | Note
-------+----------+-------------------------------------------
     0 | D:1      | cheesebisquit the Draconian Fire Elementalist began the
                  | quest for the Orb.
     0 | D:1      | Reached XP level 1. HP: 14/14 MP: 3/3
    97 | D:1      | Reached skill level 1 in Fighting
   263 | D:1      | Reached XP level 2. HP: 24/24 MP: 0/5
   417 | D:1      | Found Wiqoith's Weapon Emporium.
   652 | D:1      | Reached XP level 3. HP: 31/31 MP: 0/6
   933 | D:2      | Identified the +5 sling of Earthquakes {flame, rF+++ rC-
                  | Dex-5 SInv}
  1429 | D:2      | Killed from afar by an orc priest

Illustrated notes

Levels and vault maps discovered:
D:1:      lightli_arrival_quake, layout_basic, serial_shops, shop,
          hangedman_decor_riveting
D:2:      layout_basic, minmay_splitting_lines, minmay_diced_spiral

Skill      XL: |  1  2 |
---------------+-------+-----
Fighting       | 1 3 |  3.9
Dodging        | |  1.7
Stealth        | |  1.7
Spellcasting   | |  2.0
Conjurations   | |  1.0
Fire Magic     | |  3.0

Action                     || total
---------------------------++-------
  Melee: Unarmed           ||    17
         Tailslap          ||     2
         Dagger            ||     5
   Fire: Sling             ||    24
   Cast: Foxfire           ||    51
 Armour: Skin              ||    20
  Dodge: Dodged            ||    31

Table legend: (Time is in decaauts)
 A = Elapsed time spent in this place.
 B = Non-inter-level travel time spent in this place.
 C = Inter-level travel time spent in this place.
 D = Time resting spent in this place.
 E = Time spent auto-exploring this place.
 F = Levels seen in this place.
 G = Mean time per level.
                   A        B        C        D        E       F      G
               +--------+--------+--------+--------+--------+-----+--------+
         Total |   1436 |   1432 |      4 |      0 |   1193 |   2 |  718.0 |
       Dungeon |   1436 |   1432 |      4 |      0 |   1193 |   2 |  718.0 |
               +--------+--------+--------+--------+--------+-----+--------+

Top non-repeatable levels by time:
     D:1: 931 daAuts
     D:2: 505 daAuts
